 Dungeon Crawl Stone Soup version 0.23-a0-639-ga9a3373 (console) character file.

32 Duffy the Firebug (level 3, 16/24 HPs)
             Began as a Demonspawn Fire Elementalist on Dec 29, 2018.
             Quit the game on level 2 of the Dungeon.
             The game lasted 00:01:27 (1365 turns).

Duffy the Firebug (Demonspawn Fire Elementalist)    Turns: 1365, Time: 00:01:28

Health: 16/24      AC:  8    Str:  8    XL:     3   Next: 8%
Magic:  4/6        EV: 12    Int: 17    God:
Gold:   89         SH:  0    Dex: 13    Spells: 6/7 levels left

rFire    . . .     SeeInvis .   p - +1 dagger (venom)
rCold    . . .     Gourm    .   (no shield)
rNeg     . . .     Faith    .   a - +0 robe
rPois    .         Spirit   .   (no helmet)
rElec    .         Reflect  .   (no cloak)
rCorr    .         Harm     .   (no gloves)
MR       .....                  (no boots)
Stlth    +++.......             (no amulet)
HPRegen  0.08/turn              (no ring)
MPRegen  0.10/turn              (no ring)

@: sanguine armour
A: nightstalker 1, sanguine armour 1
a: no special abilities


You were on level 2 of the Dungeon.
You were not hungry.

You visited 1 branch of the dungeon, and saw 2 of its levels.

You collected 89 gold pieces.

Inventory:

Hand Weapons
 p - a +1 dagger of venom (weapon)
Armour
 a - a +0 robe (worn)
Scrolls
 b - 3 scrolls of teleportation {unknown}
 d - a scroll of noise {unknown}
 e - a scroll of immolation {unknown}
 f - 3 scrolls of remove curse {unknown}
 g - a scroll of identify {unknown}
 j - 2 scrolls of enchant armour {unknown}
Potions
 h - a potion of invisibility {unknown}
 i - a potion of ambrosia {unknown}
 k - 2 potions of degeneration {unknown}
 l - a potion of flight {unknown}
 m - a potion of curing {unknown}
 o - a potion of lignification {unknown}
Comestibles
 c - 5 rations


   Skills:
 - Level 1.7 Dodging
 - Level 1.7 Stealth
 + Level 2.5 Spellcasting
 + Level 2.0 Conjurations
 - Level 3.0 Fire Magic


You had 6 spell levels left.
You knew the following spells:

 Your Spells              Type           Power        Failure   Level  Hunger
h - Flame Tongue          Conj/Fire      ##...        6%          1    #......

Your spell library contained the following spells:

 Spells                   Type           Power        Failure   Level  Hunger
 Throw Flame              Conj/Fire      ##....       10%         2    ##.....
 Conjure Flame            Conj/Fire      ##......     19%         3    ###....
 Inner Flame              Hex/Fire       #.......     28%         3    ###....
 Sticky Flame             Conj/Fire      ##......     54%         4    #####..
 Fireball                 Conj/Fire      ##........   87%         5    ######.


Dungeon Overview and Level Annotations

Branches:
Dungeon (2/15)

Altars:

Annotations:
D:2 exclusion: 3 gnolls


Innate Abilities, Weirdness & Mutations

You are slightly more attuned to the shadows.
When seriously injured, your bleeding wounds create armour. (AC +6)


Message History

A worm comes into view.
You see here a jackal corpse.
You butcher the jackal corpse.
Things that are here:
a chunk of flesh; a jackal skeleton You hit the worm.
The worm is poisoned.
The worm is lightly wounded.
The worm barely misses you.
You hit the worm.
The worm looks as sick as possible!
The worm is moderately wounded.
The worm misses you.
You hit the worm.
The worm is heavily wounded.
You hit the worm.
The worm looks as sick as possible!
The worm is severely wounded.
The worm bites you!
Your blood congeals into armour.
You hit the worm.
You kill the worm!
Your Conjurations skill increases to level 2!
Are you sure you want to abandon this character and quit the game? (Confirm

...........##
..g......... ....
.....7 ####+# #..#
##..7 #.... #..#
#..7. #...
.#..####...7 #..#
..#.......... +..#
..+.######...
#.@###..#.#....#..7
#.......#.#........
#..%....#.#.....#.7
####'####.......##7
#.###..##...#.....##.
#.....#######.....###
#####.# #.....###
#.#######........
###.......###.##...


There were no monsters in sight!

Vanquished Creatures
  An adder (D:2)
  A worm (D:2)
  A ball python (D:2)
  2 bats (D:1)
  5 goblins
  2 hobgoblins (D:1)
  A jackal (D:2)
  3 kobolds
  A rat (D:1)
17 creatures vanquished.

Notes
Turn   | Place    | Note
-------+----------+-------------------------------------------
     0 | D:1      | Duffy the Demonspawn Fire Elementalist began the quest for
                  | the Orb.
     0 | D:1      | Reached XP level 1. HP: 13/13 MP: 3/3
    84 | D:2      | Gained mutation: You are slightly more attuned to the
                  | shadows. [demonic ancestry]
    84 | D:2      | Reached XP level 2. HP: 19/19 MP: 0/5
   200 | D:1      | Reached skill level 3 in Fire Magic
  1291 | D:2      | Found a faded altar of an unknown god.
  1354 | D:2      | Gained mutation: When seriously injured, your bleeding
                  | wounds create armour. (AC +6) [demonic ancestry]
  1354 | D:2      | Reached XP level 3. HP: 23/24 MP: 3/6
  1365 | D:2      | Quit the game

Vault maps used:
D:1:      dpeg_arrival_tiny_a
D:2:      grunt_temple_overflow_open, chequers_ecumenical_altar_grove,
          kennysheep_generic_room_11

Skill      XL: |  1  2  3 |
---------------+----------+-----
Fire Magic     | 3 |  3.0
Conjurations   | 2 |  2.0
Dodging        | |  1.7
Stealth        | |  1.7
Spellcasting   | |  2.5

Action                   || total
-------------------------++-------
Melee: Dagger            ||     5
 Cast: Flame Tongue      ||    31
  Eat: Chunk             ||     2
Armor: Robe              ||     3
Dodge: Dodged            ||     8

Table legend:
 A = Non-vault XP
 B = Vault XP
 C = Vault XP percentage of total XP
 D = Non-vault monster count
 E = Vault monster count
 F = Vault count percentage of total count
                 A         B        C        D         E       F
            +---------+---------+-------+---------+---------+-------
      Total |      39 |       7 |  15.2 |      15 |       2 |  11.8
            +---------+---------+-------+---------+---------+-------
        D:1 |      18 |       0 |   0.0 |      10 |       0 |   0.0
        D:2 |      21 |       7 |  25.0 |       5 |       2 |  28.6
            +---------+---------+-------+---------+---------+-------
